 Dungeon Crawl Stone Soup version 0.25.1-2-g60ff931df9 (webtiles) character file.

Game seed: 680604868226290511

4624 protoss039 the Thaumaturge (level 10, -3/87 HPs)
             Began as a Deep Elf Earth Elementalist on Aug 10, 2020.
             Was a High Priest of Sif Muna.
             Slain by an orc warrior
             ... wielding a +0 broad axe
              (9 damage)
             ... in a bailey.
             The game lasted 00:29:38 (11494 turns).

protoss039 the Thaumaturge (DEEE)                  Turns: 11494, Time: 00:29:38

Health: -3/87      AC: 25    Str:  5    XL:     10   Next: 19%
Magic:  26/26      EV:  2    Int: 24    God:    Sif Muna [*****.]
Gold:   549        SH:  0    Dex: 15    Spells: 11/29 levels left

rFire    + . .     SeeInvis .   m - +4 quarterstaff (chaos)
rCold    + . .     Gourm    .   (shield currently unavailable)
rNeg     + + +     Faith    +   (armour currently unavailable)
rPois    +         Spirit   .   (helmet currently unavailable)
rElec    +         Reflect  .   (cloak currently unavailable)
rCorr    +         Harm     .   (gloves currently unavailable)
MR       +....     NoTele   +   (boots currently unavailable)
Stlth    ++........             v - amulet of faith
HPRegen  0.24/turn              (no ring)
MPRegen  0.20/turn              (no ring)

@: tree-form, resistant, stab
A: no striking features
a: Channel Magic, Forget Spell, Divine Exegesis, Renounce Religion


You were in a bailey.
You worshipped Sif Muna.
Sif Muna was extremely pleased with you.
You were very hungry.
You were a tree.
You visited 1 branch of the dungeon, and saw 8 of its levels.
You also visited: Bailey.

You collected 549 gold pieces.

Inventory:

Hand Weapons
 m - a +4 quarterstaff of chaos (weapon)
Missiles
 y - 72 stones (quivered)
Armour
 g - a +0 helmet (melded)
 n - a +0 cloak (melded)
 t - a +3 leather armour
 z - a +0 pair of gloves (melded)
 G - cursed +0 steam dragon scales (melded)
 I - a +1 pair of boots (melded)
Jewellery
 j - an uncursed ring of ice
 v - an amulet of faith (around neck)
 K - an uncursed ring of positive energy {unknown}
Wands
 a - a wand of paralysis (10)
 r - a wand of digging (2)
 w - a wand of flame (21)
 x - a wand of enslavement (7)
Scrolls
 c - 3 scrolls of vulnerability {unknown}
 f - 2 scrolls of remove curse
 h - 2 scrolls of amnesia
 o - 3 scrolls of blinking
 p - a scroll of magic mapping
 u - 2 scrolls of enchant armour
 A - 3 scrolls of teleportation
Potions
 k - a potion of lignification
 l - 2 potions of stabbing
 q - a potion of resistance
 B - a potion of berserk rage {unknown}
 C - a potion of brilliance {unknown}
 D - a potion of might {unknown}
 E - a potion of mutation {unknown}
 F - a potion of heal wounds {unknown}
 J - a potion of flight {unknown}
Comestibles
 d - 17 rations
 H - 3 chunks of flesh


   Skills:
 * Level 4.4 Fighting
 - Level 1.0 Staves
 - Level 4.0 Armour
 - Level 3.0 Dodging
 - Level 3.0 Stealth
 + Level 10.1 Spellcasting
 + Level 4.6 Conjurations
 * Level 1.8 Transmutations
 * Level 1.1 Air Magic
 + Level 8.6 Earth Magic
 * Level 1.4 Poison Magic
 * Level 5.5 Invocations


You had 11 spell levels left.
You knew the following spells:

 Your Spells              Type           Power        Failure   Level  Hunger
a - Sandblast             Erth           ######       1%          1    None
b - Passwall              Tmut/Erth      #####...     1%          2    None
c - Stone Arrow           Conj/Erth      #####.       1%          3    None
d - Petrify               Tmut/Erth      #####...     6%          4    #......
e - Lee's Rapid Deconstr  Erth           ######....   4%          5    ####...
f - Mephitic Cloud        Conj/Pois/Air  ###.....     6%          3    None

Your spell library contained the following spells:

 Spells                   Type           Power        Failure   Level  Hunger
 Magic Dart               Conj           ####         1%          1    None
 Beastly Appendage        Tmut           ###...       2%          1    None
 Sticks to Snakes         Tmut           ###.....     3%          2    None
 Conjure Flame            Conj/Fire      ###.....     6%          3    None
 Blink                    Tloc           N/A          8%          2    None
 Call Imp                 Summ           ##......     8%          2    None
 Slow                     Hex            ##......     8%          2    None
 Spider Form              Tmut/Pois      ###.......   8%          3    None
 Ice Form                 Ice/Tmut       ###.....     34%         4    #......
 Blade Hands              Tmut           ###.......   56%         5    ####...


Dungeon Overview and Level Annotations

Branches:
Dungeon (8/15)             Temple (0/1) D:7          Bailey (1/1)
   Lair: D:8-11

Altars:
Ashenzari
Elyvilon
Gozag
Hepliaklqana
Nemelex Xobeh
Okawaru
Ru
Sif Muna
Wu Jian
Zin

Annotations:
D:3 Ijyb


Message History

Okay, then.
It was a potion of stabbing.
You feel ready to backstab.
The orc warrior hits you with a +0 broad axe.
* * * LOW HITPOINT WARNING * * *
Unknown command.
You feel better.
The orc knight cries, "Mercy!"
The orc warrior hits you with a +0 broad axe.
* * * LOW HITPOINT WARNING * * *
Unknown command.
Unknown command.
Unknown command.
It was a potion of resistance.
You feel protected.
Unknown command.
Unknown command.
It was a potion of magic.
Magic courses through your body.
The orc warrior hits you with a +0 broad axe!
You die...

.)+........['[......#
..##.......##[......##
)..#.......#.........#
...##.....##.........##
....#######.....⌠.....#
...## ##.........##
...# #.........# o.##
##.......## ..#
#...♣...# .## ##..o..##
## ####'## .## .). ..#
..... ..# ......# ...#
....o... ...#
.........# ....#
.....⌠.....


You could see 2 orc warriors.

Vanquished Creatures
  Pikel (D:4)
  Maggie (D:7)
  A hippogriff (D:7)
  Menkaure (D:5)
  3 ice beasts
  2 sky beasts
  2 slaves (D:5)
  7 orc warriors (Bailey)
  4 ogres
  3 centaurs
  4 bullfrogs
  2 scorpions
  2 howler monkeys
  A centaur zombie (D:8)
  2 crimson imps
  A quasit (D:8)
  5 jellies
  Crazy Yiuf (D:2)
  2 centaur skeletons
  2 bullfrog skeletons
  7 orc wizards
  Jessica (D:2)
  Terence (D:3)
  Natasha (thrice) (D:2)
  2 iguanas
  6 worker ants
  4 hound skeletons
  2 worker ant zombies
  A howler monkey skeleton (D:4)
  7 adders
  19 gnolls
  A shadow imp (D:5)
  5 oozes (D:8)
  4 worms
  4 dart slugs
  8 leopard geckos
  36 orcs
  4 ball pythons
  5 giant cockroaches
  19 goblins
  21 hobgoblins
  7 jackals
  4 quokkas
  5 bats
  4 frilled lizards
  5 kobolds
  A leopard gecko skeleton (D:4)
  8 rats
241 creatures vanquished.

Notes
Turn   | Place    | Note
-------+----------+-------------------------------------------
     0 | D:1      | protoss039 the Deep Elf Earth Elementalist began the quest
                  | for the Orb.
     0 | D:1      | Reached XP level 1. HP: 10/10 MP: 6/6
   154 | D:1      | Reached XP level 2. HP: 15/15 MP: 4/8
   914 | D:1      | Reached XP level 3. HP: 16/19 MP: 5/9
  1171 | D:1      | Learned a level 2 spell: Passwall
  1175 | D:1      | Learned a level 3 spell: Stone Arrow
  1177 | D:2      | Noticed Natasha
  1455 | D:2      | Killed Natasha
  1455 | D:2      | Reached skill level 4 in Spellcasting
  1468 | D:2      | Reached XP level 4. HP: 14/24 MP: 4/12
  1554 | D:2      | Noticed Natasha
  1560 | D:2      | Killed Natasha
  1922 | D:2      | Noticed Natasha
  2087 | D:2      | Killed Natasha
  2087 | D:2      | Reached skill level 5 in Spellcasting
  2087 | D:2      | Reached skill level 5 in Earth Magic
  2087 | D:2      | Reached XP level 5. HP: 28/28 MP: 0/14
  2752 | D:2      | Noticed Jessica
  2885 | D:2      | Killed Jessica
  3093 | D:2      | Found a runed translucent door.
  3094 | D:2      | Noticed Crazy Yiuf
  3113 | D:2      | Found an iron altar of Okawaru.
  3187 | D:2      | Found a shimmering blue altar of Sif Muna.
  3187 | D:2      | Found a white marble altar of Elyvilon.
  3187 | D:2      | Found a hazy altar of Hepliaklqana.
  3191 | D:2      | Found a glowing silver altar of Zin.
  3195 | D:2      | Became a worshipper of Sif Muna the Loreminder
  3232 | D:2      | Killed Crazy Yiuf
  3505 | D:3      | Reached XP level 6. HP: 29/32 MP: 16/16
  3566 | D:3      | Found a sacrificial altar of Ru.
  3600 | D:3      | Reached skill level 1 in Conjurations
  3851 | D:3      | Noticed Terence
  3855 | D:3      | Killed Terence
  3855 | D:3      | Reached skill level 1 in Invocations
  3863 | D:3      | Learned a level 4 spell: Petrify
  3869 | D:3      | Learned a level 5 spell: Lee's Rapid Deconstruction
  3932 | D:3      | Found an opulent altar of Gozag.
  4041 | D:3      | Found a shattered altar of Ashenzari.
  4064 | D:3      | Noticed Ijyb
  4764 | D:4      | Reached skill level 1 in Staves
  4764 | D:4      | Reached skill level 6 in Spellcasting
  4880 | D:4      | Reached skill level 1 in Fighting
  5247 | D:4      | Reached * piety under Sif Muna
  5247 | D:4      | Reached XP level 7. HP: 21/38 MP: 18/18
  5852 | D:5      | Entered Level 5 of the Dungeon
  6163 | D:5      | Noticed Menkaure
  6167 | D:5      | Killed Menkaure
  6167 | D:5      | Reached skill level 1 in Armour
  6280 | D:5      | Found a sacrificial altar of Ru.
  6539 | D:5      | Reached skill level 7 in Spellcasting
  6539 | D:5      | Reached XP level 8. HP: 45/45 MP: 13/20
  6932 | D:5      | Noticed Pikel
  6996 | D:4      | Killed Pikel
  6996 | D:4      | Reached skill level 8 in Spellcasting
  7439 | D:5      | Reached XP level 9. HP: 51/51 MP: 14/23
  7878 | D:6      | Reached ** piety under Sif Muna
  9037 | D:7      | Found a sparkling altar of Nemelex Xobeh.
  9070 | D:7      | Reached skill level 9 in Spellcasting
  9398 | D:7      | Found an ornate altar of the Wu Jian Council.
  9494 | D:7      | Found a staircase to the Ecumenical Temple.
  9650 | D:7      | Reached skill level 5 in Invocations
  9954 | D:7      | Noticed Maggie
  9971 | D:7      | Killed Maggie
  9971 | D:7      | Reached *** piety under Sif Muna
 10241 | D:8      | Learned a level 3 spell: Mephitic Cloud
 10422 | D:8      | Found a flagged portal.
 10510 | Bailey   | Entered a bailey
 10667 | Bailey   | Reached **** piety under Sif Muna
 10848 | Bailey   | Reached skill level 1 in Poison Magic
 10848 | Bailey   | Reached XP level 10. HP: 57/57 MP: 15/25
 11080 | Bailey   | Reached skill level 10 in Spellcasting
 11127 | Bailey   | Reached skill level 1 in Air Magic
 11387 | Bailey   | Noticed an orc knight
 11464 | Bailey   | Reached ***** piety under Sif Muna
 11465 | Bailey   | Noticed an orc warlord
 11469 | Bailey   | Noticed an orc knight
 11475 | Bailey   | Identified the +8 scimitar of Amalip {flame, *Contam Int+4
                  | Dex+5}
 11491 | Bailey   | HP: 3/87 [orc warrior/+0 broad axe (4)]
 11494 | Bailey   | Slain by an orc warrior

Illustrated notes

Levels and vault maps discovered:
D:1:      minmay_arrival_stair_chambers, layout_loops_corners
D:2:      layout_rooms, minitemple, hex_medium, uniq_crazy_yiuf_cottage,
          uniq_jessica, uniq_natasha
D:3:      layout_loops_ring, marbit_many_paths, lemuel_doored_altar,
          grunt_gozag_statues, minmay_unequal, uniq_terence, uniq_ijyb
D:4:      layout_basic, first_ration
D:5:      minmay_thinvault, layout_rooms, hangedman_ru_absence, uniq_menkaure,
          uniq_pikel
D:6:      layout_loops_corners
D:7:      layout_loops_ring, lemuel_crystal_altar,
          nemelex_xobeh_ov_fountains_minmay, temple_pool_b, uniq_maggie
D:8:      layout_loops_corners, enter_bailey_3, hangedman_little_slice_of_home,
          uniq_joseph
Bailey:   bailey_axe_minmay_hex_keep, bailey

Skill      XL: |  1  2  3  4  5  6  7  8  9 10 |
---------------+-------------------------------+-----
Stealth        | 3 |  3.0
Earth Magic    | 4 5 6 7 8 |  8.6
Dodging        | 3 |  3.0
Spellcasting   | 4 5 6 7 8 9 10 | 10.1
Conjurations   | 1 2 3 4 |  4.6
Invocations    | 2 3 4 5 |  5.5
Staves         | 1 |  1.0
Fighting       | 1 2 3 4 |  4.4
Armour         | 1 2 3 4 |  4.0
Poison Magic   | 1 |  1.4
Air Magic      | 1 |  1.1
Transmutations | |  1.8

Action                   |  1- 3 |  4- 6 |  7- 9 | 10-12 || total
-------------------------+-------+-------+-------+-------++-------
Melee: Unarmed           |     2 |       |       |       ||     2
       Spear             |    11 |    24 |       |       ||    35
       Quarterstaff      |       |    59 |    63 |    29 ||   151
 Cast: Sandblast         |    42 |    13 |    43 |    11 ||   109
       Stone Arrow       |       |    52 |   112 |    23 ||   187
       Lee's Rapid Decon |       |       |     9 |    13 ||    22
Invok: Channel Magic     |       |       |       |     1 ||     1
  Use: Scroll            |       |     4 |     4 |     3 ||    11
       Potion            |       |       |     1 |     9 ||    10
 Stab: Sleeping          |     2 |     4 |     2 |       ||     8
       Confused          |       |       |     1 |       ||     1
  Eat: Chunk             |     1 |    14 |    19 |     3 ||    37
Armor: Robe              |     4 |    48 |    10 |       ||    62
       Steam dragon scal |       |       |     9 |     5 ||    14
       Skin              |       |       |       |     9 ||     9
Dodge: Dodged            |    35 |   126 |    50 |    15 ||   226
